AoeStats
← tudor.raul

Arena

504501688Analyzed
1v1 RM · 26d ago on Sep 5, 2026· 53m 18s· 2 players
Game mode
Random Map
Map size
Tiny (2 player)
Population
200
Speed
Normal
Resources
Standard
Victory
Conquest
Starting age
Dark Age
Ending age
Imperial Age
RankedLock teamsTeams togetherTeam positionsShared explorationLock speedFull tech treeHidden civsTurbo modeCheats
Victory
Defeat
🇩🇪 Tatars · Germany
399
+15
🇫🇷 Spanish · France
388
-15
jess_du_marais
9:24 Loom
13:19 Feudal Age
16:01 Double-Bit Axe
23:32 Castle Age
28:55 Scale Barding Armor
28:54 Padded Archer Armor
30:13 Horse Collar
30:46 Bow Saw
30:59 Chain Barding Armor
34:25 Elite Skirmisher
40:21 Imperial Age
45:12 Plate Barding Armor
44:53 Leather Archer Armor
47:36 Cavalier
52:00 Supremacy
tudor.raul
11:09 Feudal Age
11:49 Double-Bit Axe
11:49 Horse Collar
13:36 Wheelbarrow
12:51 Loom
21:51 Castle Age
21:33 Gold Mining
22:03 Crossbowman
22:50 Padded Archer Armor
22:52 Scale Mail Armor
22:48 Fletching
23:09 Forging
23:05 Padded Archer Armor
25:33 Bow Saw
25:50 Hand Cart
27:24 Bodkin Arrow
28:05 Iron Casting
28:11 Gold Shaft Mining
31:09 Pikeman
31:49 Squires
31:35 Elite Skirmisher
33:46 Ballistics
35:17 Leather Archer Armor
39:09 Imperial Age
41:16 Bracer
42:18 Blast Furnace
41:52 Ring Archer Armor
42:21 Heavy Cavalry Archer
44:09 Chemistry
46:52 Silk Armor
Connection lost

Rejoining the realm…

Still unreachable

The connection could not be restored.

Session expired

The server has moved on; the page needs a fresh start.